 Dungeon Crawl Stone Soup version 0.31-a0-977-gc230f8ef24 (webtiles) character file.

Game seed: 6544144873535221366

66 Fodor the Trooper (level 3, -2/33 HPs)
             Began as a Minotaur Fighter on Oct 29, 2023.
             Slain by Sigmund
             ... wielding a +0 scythe
              (6 damage)
             ... on level 2 of the Dungeon.
             The game lasted 00:08:30 (1296 turns).

Fodor the Trooper (Minotaur Fighter)                Turns: 1296, Time: 00:08:30

Health: -2/33      AC:  7    Str: 22    XL:     3   Next: 96%
Magic:  2/2        EV:  9    Int:  5    God:
Gold:   42         SH:  4    Dex:  9    Spells: 2/2 levels left

rFire   . . .        a - +0 war axe
rCold   . . .        c - +0 buckler
rNeg    . . .        b - +0 scale mail
rPois   .            (helmet restricted)
rElec   .            (no cloak)
rCorr   .            (no gloves)
SInv    .            (no boots)
Will    .....        (no amulet) Stlth
                     (no ring)
HPRegen 0.25/turn    (no ring)
MPRegen 0.08/turn

%: no passive effects
@: no status effects
A: horns 2, retaliatory headbutt
a: no special abilities


You were on level 2 of the Dungeon.
You visited 1 branch of the dungeon, and saw 2 of its levels.

You collected 62 gold pieces.
You spent 20 gold pieces at shops.

Inventory:

Hand Weapons
 a - a +0 war axe (weapon)
Missiles
 f - 3 poisoned darts (quivered)
Armour
 b - a +0 scale mail (worn)
 c - a +0 buckler (worn)
 l - an orb of guile
Scrolls
 e - 4 scrolls of identify {unknown}
 h - a scroll of enchant weapon {unknown}
 j - 2 scrolls of vulnerability {unknown}
Potions
 d - a potion of might
 g - a potion of mutation {unknown}
 i - a potion of heal wounds {unknown}
 k - 2 potions of curing {unknown}


   Skills:
 + Level 4.2 Fighting
 + Level 3.4 Axes
 + Level 4.1 Armour
 + Level 0.6 Dodging
 + Level 0.1 Stealth
 + Level 4.1 Shields


You had 2 spell levels left.
You didn't know any spells.
Your spell library contained the following spells:

 Spells                   Type           Power      Damage    Failure   Level
 Lesser Beckoning         Tloc           0%         N/A       94%         2
 Gell's Gravitas          Tloc           0%         N/A       99%         3
 Teleport Other           Tloc           0%         N/A       99%         3


Dungeon Overview and Level Annotations

Branches:
Dungeon (2/15)

Altars:

Shops:
D:1 *

Annotations:
D:2 Sigmund


Innate Abilities, Weirdness & Mutations

You have a pair of horns on your head.
You reflexively headbutt those who attack you in melee.


Message History

You feel less confused. The bat hits you but does no damage.
Something hits you. The bat attacks as it pursues you!
You block the bat's attack. x2
You hit something. You barely miss the bat. The bat closely misses you.
You furiously retaliate!
You headbutt the bat!
You kill the bat!
Something hits you but does no damage.
You hit something. Your headbutt misses something.
You hear a zap.
You turn into an insubstantial wisp.
Your +0 war axe melds into your body.
Your +0 buckler melds into your body.
Your +0 scale mail melds into your body.
You touch something.
Something closely misses you.
You touch something.
Something barely misses you.
You miss something. You closely miss something. Something hits you.
You touch something but do no damage.
Something hits you.
* * * LOW HITPOINT WARNING * * *
You miss something. You barely miss something.
You hear some strange, mumbled words.
Something tries to affect you, but you resist.
You hear some strange, mumbled words.
A magic dart appears from out of thin air!
The magic dart hits you!
* * * LOW HITPOINT WARNING * * *
You see here a bat corpse.
Something hits you.
* * * LOW HITPOINT WARNING * * *
Something hits you but does no damage.
Your transformation is almost over.
Something closely misses you.
You see here a +0 ring mail.
You condense into your normal self.
Your +0 war axe unmelds from your body.
Your +0 buckler unmelds from your body.
Your +0 scale mail unmelds from your body.
You hear a zap.
Something tries to affect you, but you resist.
Something hits you.
You die...

#.## ##.######.
#.# #.# #.# #.#
#.# #.# #[# #[#
#.# #.# #.# #.#
#.# #.###### #.#
#...@..# #†#
######.##### #.#
#####.......# #.#
#........##.# #
#.#
#.###.#..##.###.#
#.##########.#
#.#.........###
#............#
#.##..[........
##############
#.#####.#######
#.# #.#


There were no monsters in sight!

Vanquished Creatures
  2 adders (D:2)
  3 dart slugs (D:1)
  5 endoplasms
  2 giant cockroaches (D:1)
  2 goblins (D:1)
  2 hobgoblins (D:1)
  5 jackals (D:1)
  A quokka (D:1)
  2 ball pythons (D:1)
  5 bats
  6 frilled lizards
  A kobold (D:1)
  7 rats (D:1)
43 creatures vanquished.

Notes
Turn   | Place    | Note
-------+----------+-------------------------------------------
     0 | D:1      | Fodor the Minotaur Fighter began the quest for the Orb.
     0 | D:1      | Reached XP level 1. HP: 19/19 MP: 0/0
    71 | D:1      | Reached XP level 2. HP: 27/27 MP: 1/1
   390 | D:1      | Reached XP level 3. HP: 33/33 MP: 2/2
   575 | D:1      | Found Birchoeg's Assorted Antiques.
   584 | D:1      | Bought a scroll labelled FEUSCHOKKOPH for 20 gold pieces
  1150 | D:2      | Identified the +5 short sword "Nuasac" {freeze, Str+2}
  1259 | D:2      | Noticed Sigmund
  1280 | D:2      | HP: 1/33 [something/magic dart (8)]
  1296 | D:2      | Slain by Sigmund

Illustrated notes

Levels and vault maps discovered:
D:1:      erik_arrival_blinker_ship, layout_basic, serial_shops, shop,
          hangedman_decor_clover_reticule
D:2:      layout_loops_ring, serial_shops, shop, grunt_ministairs_9,
          grunt_decor_arrowhead, uniq_sigmund

Skill      XL: |  1  2  3 |
---------------+----------+-----
Fighting       | 4 |  4.2
Armour         | 4 |  4.1
Shields        | 4 |  4.1
Axes           | 3 |  3.4
Dodging        | |  0.6
Stealth        | |  0.1

Action                     || total
---------------------------++-------
  Melee: War axe           ||    87
         Headbutt          ||     8
         Unarmed           ||     7
 Armour: Scale mail        ||    64
         Skin              ||     5
  Dodge: Dodged            ||    55
  Block: Buckler           ||    19

Table legend: (Time is in decaauts)
 A = Elapsed time spent in this place.
 B = Non-inter-level travel time spent in this place.
 C = Inter-level travel time spent in this place.
 D = Time resting spent in this place.
 E = Time spent auto-exploring this place.
 F = Levels seen in this place.
 G = Mean time per level.
                   A        B        C        D        E       F      G
               +--------+--------+--------+--------+--------+-----+--------+
         Total |   1328 |   1313 |     15 |    128 |      0 |   2 |  664.0 |
       Dungeon |   1328 |   1313 |     15 |    128 |      0 |   2 |  664.0 |
               +--------+--------+--------+--------+--------+-----+--------+

Top non-repeatable levels by time:
     D:1: 897 daAuts
     D:2: 431 daAuts
